 Dungeon Crawl Stone Soup version 0.25-a0-341-g6f074c887a (webtiles) character file.

Game seed: 12640596490984831269, levelgen mode: deterministic

94 Conn the Conjurer (level 4, 0/40 HPs)
             Began as an Octopode Conjurer on Dec 30, 2019.
             Succumbed to an adder's poison
             ... on level 2 of the Dungeon.
             The game lasted 00:05:01 (1623 turns).

Conn the Conjurer (Octopode Conjurer)               Turns: 1623, Time: 00:05:02

Health: 0/40       AC: 22    Str:  7    XL:     4   Next: 63%
Magic:  7/7        EV:  2    Int: 23    God:
Gold:   129        SH:  0    Dex: 12    Spells: 4/7 levels left

rFire    + . .     SeeInvis .   j - +2 hand axe (freeze)
rCold    + . .     Gourm    .   (no shield)
rNeg     + + +     Faith    .   (helmet currently unavailable)
rPois    +         Spirit   .   (no amulet)
rElec    +         Reflect  .   (no ring)
rCorr    +         Harm     .   (no ring)
MR       .....     NoTele   +   (no ring)
Stlth    +++.......             (no ring)
HPRegen  0.13/turn              (no ring)
MPRegen  0.10/turn              (no ring)
                                (no ring)
                                (no ring)

@: brilliant, lethally poisoned (0 -> -2), tree-form, resistant, berserk
cooldown, hasted and slowed
A: almost no armour, stealthy swim, (amphibious), 8 rings, (constrict 8)
a: no special abilities


You were on level 2 of the Dungeon.
You were not hungry.
You were a tree.
You visited 1 branch of the dungeon, and saw 2 of its levels.

You collected 129 gold pieces.

Inventory:

Hand Weapons
 f - a +0 short sword
 j - a +2 hand axe of freezing (weapon)
Missiles
 m - 12 poisoned darts (quivered)
Wands
 l - a wand of scattershot (1)
Scrolls
 i - a scroll of magic mapping {unknown}
 k - a scroll of remove curse
 o - a scroll of enchant weapon {unknown}
 r - a scroll of identify {unknown}
Potions
 c - a potion of flight
 e - a potion of brilliance
 p - a potion of berserk rage
 q - a potion of invisibility
Comestibles
 b - 5 rations
 n - 4 chunks of flesh


   Skills:
 + Level 0.6 Short Blades
 + Level 0.3 Axes
 + Level 2.0 Dodging
 + Level 4.6 Stealth
 + Level 2.4 Spellcasting
 + Level 4.7 Conjurations


You had 4 spell levels left.
You knew the following spells:

 Your Spells              Type           Power        Failure   Level  Hunger
a - Magic Dart            Conj           ####         1%          1    None
b - Searing Ray           Conj           #####.       1%          2    ##.....

Your spell library contained the following spells:

 Spells                   Type           Power        Failure   Level  Hunger
 Dazzling Flash           Conj/Hex       ####..       1%          3    ###....
 Fulminant Prism          Conj/Hex       ####......   5%          4    ####...
 Iskenderun's Mystic Bla  Conj/Tloc      ####....     5%          4    ####...


Dungeon Overview and Level Annotations

Branches:
Dungeon (2/15)

Altars:


Innate Abilities, Weirdness & Mutations

You cannot wear most types of armour.
You are very stealthy in the water. (Stealth+)
((You are amphibious.))
You can wear up to eight rings at the same time.
((You can use your tentacles to constrict eight enemies at once.))
((Your skin changes colour to match your surroundings (Stealth+).))
((Your rubbery body absorbs attacks. (AC +1, EV +1)))


Message History

You kill the adder!
You see here an adder corpse.
You feel a strong urge to attack something.
* * * LOW HITPOINT WARNING * * *
You feel sick.
You are no longer berserk.
You are exhausted.
You feel yourself slow down.
It was a potion of lignification.
You turn into a tree.
Your roots penetrate the ground.
There is a lethal amount of poison in your body!
You feel protected.
You feel as though your hastened speed will last longer.
* * * LOW HITPOINT WARNING * * *
You feel sick.
There is a lethal amount of poison in your body!
As you read the scroll labeled SINUH IZAZXOMI, it crumbles to dust.
The air around you briefly surges with heat, but it dissipates.
It was a scroll of immolation.
You die...

#####.# ......# #.#####
#.# #.##### #.....#
#####.# #.# ########.###
#.# #)†.♣.......
#####.#######.######.##.
.........#.##.######
#####.##...........##
#.##.#.##.##.....
#.##.#.##.#.....#
#.##.#.##........
#.##.....#.......
#.####.##........


There were no monsters in sight!

Vanquished Creatures
  Jessica (D:2)
  2 adders (D:2)
  5 dart slugs
  2 worms (D:2)
  An orc (D:2)
  4 bats
  A giant cockroach (D:1)
  7 goblins
  A hobgoblin (D:2)
  A frilled lizard (D:1)
  4 kobolds (D:1)
  8 rats
37 creatures vanquished.

Notes
Turn   | Place    | Note
-------+----------+-------------------------------------------
     0 | D:1      | Conn the Octopode Conjurer began the quest for the Orb.
     0 | D:1      | Reached XP level 1. HP: 11/11 MP: 3/3
   303 | D:1      | Reached XP level 2. HP: 17/17 MP: 5/5
   643 | D:1      | Reached XP level 3. HP: 21/21 MP: 1/6
  1258 | D:2      | Learned a level 2 spell: Searing Ray
  1264 | D:2      | Noticed Jessica
  1322 | D:2      | Killed Jessica
  1322 | D:2      | Reached XP level 4. HP: 22/27 MP: 4/7
  1612 | D:2      | HP: 2/40 [poisoned by an adder]
  1620 | D:2      | HP: 1/40 [poisoned by an adder]
  1623 | D:2      | Succumbed to an adder's poison

Levels and vault maps discovered:
D:1:      lemuel_arrival_room, layout_basic, serial_glass, glass_columns_b,
          glass_columns_b, feat_on_display, feat_on_display,
          minmay_strange_pillars, minivault_27, minmay_rat_gold_closets
D:2:      layout_loops_ring, first_ration, item_on_display_a, uniq_jessica,
          uniq_robin

Skill      XL: |  1  2  3 |
---------------+----------+-----
Stealth        | 3 4 |  4.6
Short Blades   | |  0.6
Axes           | |  0.3
Dodging        | |  2.0
Spellcasting   | |  2.4
Conjurations   | |  4.7

Action                   |  1- 3 |  4- 6 || total
-------------------------+-------+-------++-------
Melee: Short sword       |    24 |       ||    24
       Constrict         |     5 |     3 ||     8
       Tentacles         |     3 |     1 ||     4
       Hand axe          |     4 |    15 ||    19
 Cast: Magic Dart        |    32 |     7 ||    39
       Searing Ray       |       |     1 ||     1
  Use: Scroll            |     1 |     1 ||     2
       Potion            |       |     8 ||     8
 Stab: Sleeping          |    10 |     1 ||    11
  Eat: Chunk             |     2 |     1 ||     3
Armor: Skin              |     1 |     4 ||     5
Dodge: Dodged            |    12 |    17 ||    29

Table legend:
 A = Non-vault XP
 B = Vault XP
 C = Vault XP percentage of total XP
 D = Non-vault monster count
 E = Vault monster count
 F = Vault count percentage of total count
                 A         B        C        D         E       F
            +---------+---------+-------+---------+---------+-------
      Total |      93 |      42 |  31.1 |      31 |       6 |  16.2
            +---------+---------+-------+---------+---------+-------
        D:1 |      33 |       5 |  13.2 |      17 |       5 |  22.7
        D:2 |      60 |      37 |  38.1 |      14 |       1 |   6.7
            +---------+---------+-------+---------+---------+-------
